 Dungeon Crawl Stone Soup version 0.21-a0-536-gdbbf329 (webtiles) character file.

608 graki42 the Magician (level 7, -5/36 HPs)
             Began as a Deep Elf Fire Elementalist on Dec 14, 2017.
             Killed by divine providence
             ... invoked by an orc priest
              (16 damage)
             ... on level 4 of the Dungeon.
             The game lasted 00:11:20 (3285 turns).

graki42 the Magician (Deep Elf Fire Elementalist)   Turns: 3285, Time: 00:11:20

Health: -5/36      AC:  3    Str:  7    XL:     7   Next: 19%
Magic:  12/18      EV: 13    Int: 20    God:
Gold:   231        SH:  0    Dex: 15    Spells: 3/19 levels left

rFire    . . .     SeeInvis .   (no weapon)
rCold    . . .     Gourm    .   (no shield)
rNeg     . . .     Faith    +   a - +0 robe
rPois    .         Spirit   .   p - +0 helmet
rElec    .         Reflect  .   (no cloak)
rCorr    .         Harm     .   (no gloves)
MR       .....                  (no boots)
Stlth    ++........             r - amulet of faith
HPRegen  0.12/turn              (no ring)
MPRegen  0.16/turn              (no ring)

@: no status effects
A: no striking features
a: no special abilities


You were on level 4 of the Dungeon.
You were not hungry.

You visited 2 branches of the dungeon, and saw 5 of its levels.

You collected 231 gold pieces.

Inventory:

Armour
 a - a +0 robe (worn)
 p - a +0 helmet (worn)
Jewellery
 b - a cursed -5 ring of strength {unknown}
 r - an amulet of faith (around neck)
Scrolls
 e - 3 scrolls of teleportation {unknown}
 h - 2 scrolls of amnesia {unknown}
 m - 2 scrolls of identify {unknown}
 s - 2 scrolls of enchant weapon {unknown}
 t - a scroll of random uselessness {unknown}
 u - a scroll of remove curse {unknown}
 v - a scroll of magic mapping {unknown}
 w - a scroll of immolation {unknown}
 x - a scroll of enchant armour {unknown}
Potions
 g - a potion of mutation {unknown}
 i - 2 potions of ambrosia {unknown}
 j - a potion of brilliance {unknown}
 k - 3 potions of heal wounds {unknown}
 l - a potion of lignification {unknown}
 n - a potion of degeneration {unknown}
 o - a potion of flight {unknown}
 q - 2 potions of haste {unknown}
Comestibles
 c - a bread ration
 d - 2 fruits
 f - a meat ration
 z - a chunk of flesh


   Skills:
 + Level 3.2 Dodging
 + Level 3.5 Stealth
 + Level 6.5 Spellcasting
 + Level 4.0 Conjurations
 + Level 0.4 Hexes
 + Level 5.7 Fire Magic


You had 3 spell levels left.
You knew the following spells:

 Your Spells              Type           Power        Failure   Level  Hunger
a - Flame Tongue          Conj/Fire      ####.        1%          1    None
b - Conjure Flame         Conj/Fire      ####....     4%          3    #......
c - Inner Flame           Hex/Fire       ###.....     9%          3    #......
d - Sticky Flame          Conj/Fire      ####....     13%         4    ###....
e - Fireball              Conj/Fire      ####......   36%         5    #####..


Dungeon Overview and Level Annotations

Branches:
Dungeon (4/15)             Temple (1/1) D:4

Altars:
Dithmenos
Fedhas
Hepliaklqana
Kikubaaqudgha
Nemelex Xobeh
Uskayaw
Wu Jian
Lugonu


Message History

The orc priest calls upon Beogh to heal the orc.
The orc's wounds heal themselves!
Casting: Flame Tongue
Confirm with . or Enter, or press ? or * to list all spells.
Aiming: Flame Tongue
Press: ? - help, Shift-Dir - straight line, f/p - orc
Aim: an orc, wielding a club The flame tongue hits the orc.
You kill the orc!
Your Conjurations skill increases to level 4!
Casting: Flame Tongue
Confirm with . or Enter, or press ? or * to list all spells.
Aiming: Flame Tongue
Press: ? - help, Shift-Dir - straight line, f - orc
Aim: an orc, wielding a dagger The flame tongue hits the orc.
You kill the orc!
The orc priest invokes the aid of Beogh against you.
Beogh smites you!
You die...

......######..>.....#
....(........P.P....######
.........................#
..............#..........#
###...........#..........#
#..............<.......#
###########.#....#######
...#....# ..####.@..# ...
#.)..# .. #.)..# . #.o..#
#....# #....# #....#
+....+


You could see an orc priest.

Vanquished Creatures
  Menkaure (D:4)
  An ogre (D:4)
  Blork the orc (D:4)
  A scorpion (D:4)
  An orc priest (D:3)
  2 worker ants
  Robin (D:2)
  5 gnolls
  6 adders
  2 oozes
  An adder skeleton (D:4)
  2 worms
  3 dart slugs
  A leopard gecko (D:4)
  8 orcs
  4 giant cockroaches
  12 goblins
  12 hobgoblins
  4 jackals (D:3)
  4 kobolds
  3 ball pythons
  6 bats
  A frilled lizard (D:1)
  9 rats
91 creatures vanquished.

Notes
Turn   | Place    | Note
-------+----------+-------------------------------------------
     0 | D:1      | graki42 the Deep Elf Fire Elementalist began the quest for the Orb.
     0 | D:1      | Reached XP level 1. HP: 10/10 MP: 6/6
   120 | D:1      | Reached XP level 2. HP: 15/15 MP: 5/8
   548 | D:2      | Noticed Robin
   562 | D:2      | Killed Robin
   562 | D:2      | Reached XP level 3. HP: 17/19 MP: 3/10
   863 | D:2      | Reached skill level 4 in Spellcasting
  1024 | D:2      | Learned a level 3 spell: Conjure Flame
  1028 | D:2      | Learned a level 3 spell: Inner Flame
  1069 | D:2      | Reached XP level 4. HP: 24/24 MP: 7/12
  1075 | D:2      | Learned a level 4 spell: Sticky Flame
  1422 | D:3      | Found an ancient bone altar of Kikubaaqudgha.
  1617 | D:3      | Reached XP level 5. HP: 15/28 MP: 2/14
  1841 | D:3      | Reached skill level 5 in Spellcasting
  2486 | D:4      | Found a staircase to the Ecumenical Temple.
  2679 | Temple   | Entered the Ecumenical Temple
  2777 | D:4      | Reached XP level 6. HP: 27/32 MP: 3/16
  2905 | D:4      | Noticed Menkaure
  2910 | D:4      | Killed Menkaure
  2910 | D:4      | Reached skill level 6 in Spellcasting
  2910 | D:4      | Reached skill level 5 in Fire Magic
  2921 | D:4      | Noticed Blork the orc
  2930 | D:4      | Killed Blork the orc
  3164 | D:4      | Reached XP level 7. HP: 36/36 MP: 14/18
  3184 | D:4      | Learned a level 5 spell: Fireball
  3285 | D:4      | Killed from afar by an orc priest

Vault maps used:
D:1:      scummos_arrival_simple_crosswalls
D:2:      serial_bayou_ford_a, uniq_robin
D:3:      kiku_gazebo_pond_becter
D:4:      minmay_opposing_rooms, nicolae_gozag_cash_rules_everything_around_me,
          lemuel_coloured_pillars_altar, minmay_temple_entry_trees,
          uniq_blork_the_orc, uniq_menkaure
Temple:   corrupted_temple

Skill      XL: |  1  2  3  4  5  6  7 |
---------------+----------------------+-----
Dodging        | 3 |  3.2
Fire Magic     | 4 5 |  5.7
Spellcasting   | 4 5 6 |  6.5
Conjurations   | 2 3 4 |  4.0
Stealth        | 3 |  3.5
Hexes          | |  0.4

Action                   |  1- 3 |  4- 6 |  7- 9 || total
-------------------------+-------+-------+-------++-------
 Cast: Flame Tongue      |    67 |    83 |    17 ||   167
       Inner Flame       |       |     2 |       ||     2
       Conjure Flame     |       |     1 |       ||     1
       Sticky Flame      |       |     3 |       ||     3
  Eat: Chunk             |       |     7 |     1 ||     8
Armor: Robe              |     5 |     6 |     1 ||    12
Dodge: Dodged            |    22 |    19 |     1 ||    42

Table legend:
 A = Spawn XP
 B = Non-spawn XP
 C = Spawn XP percentage of total XP
 D = Spawn monster count
 E = Non-spawn monster count
 F = Spawn count percentage of total count
 G = Total turns spent on level
                    A         B        C        D         E        F      G
               +---------+---------+-------+---------+---------+-------+---------
         Total |       0 |     869 |   0.0 |       0 |      91 |   0.0 |  3285
               +---------+---------+-------+---------+---------+-------+---------
           D:1 |       0 |      30 |   0.0 |       0 |      16 |   0.0 |   531
           D:2 |       0 |      75 |   0.0 |       0 |      28 |   0.0 |   885
           D:3 |       0 |     200 |   0.0 |       0 |      29 |   0.0 |  1251
           D:4 |       0 |     564 |   0.0 |       0 |      18 |   0.0 |   575
               +---------+---------+-------+---------+---------+-------+---------
